 Dungeon Crawl Stone Soup version 0.29.0-4-gdea44cf6ec (webtiles) character file.

Game seed: 11342270298969629461

21 qw the Firebug (level 2, -4/23 HPs)
             Began as a Ghoul Fire Elementalist on Aug 29, 2022.
             Slain by an ogre
             ... wielding a +0 giant club
              (18 damage)
             ... on level 2 of the Dungeon.
             The game lasted 00:00:48 (1007 turns).

qw the Firebug (Ghoul Fire Elementalist)            Turns: 1007, Time: 00:00:48

Health: -4/23      AC:  9    Str: 11    XL:     2   Next: 83%
Magic:  3/3        EV:  5    Int: 10    God:
Gold:   37         SH:  0    Dex:  9    Spells: 3/4 levels left

rFire   . . .      SeeInvis .     - Unarmed
rCold   + . .      Faith    .   (no shield)
rNeg    + + +      Spirit   .   g - +0 chain mail
rPois   inf        Reflect  .   (no helmet)
rElec   .          Harm     .   (no cloak)
rCorr   .          Rampage  .   (no gloves)
Will    .....                   h - +0 pair of boots
Stlth   ..........              d - amulet of regeneration
HPRegen 0.00/turn               (no ring)
MPRegen 0.08/turn               (no ring)

@: inhibited regen
A: claws 1, cold resistance 1, negative energy resistance 3, inhibited
regeneration, torment resistance 2, devour on kill
a: no special abilities


You were on level 2 of the Dungeon.
You visited 1 branch of the dungeon, and saw 2 of its levels.

You collected 37 gold pieces.


Innate Abilities, Weirdness & Mutations

You are immune to poison.
You have sharp fingernails.
Your flesh is cold resistant. (rC+)
You are immune to negative energy. (rN+++)
You do not regenerate when monsters are visible.
You are immune to unholy pain and torment.
You thrive by killing the living.


   Skills:
 - Level 1.2 Fighting
 - Level 1.7 Dodging
 - Level 2.1 Stealth
 + Level 2.1 Unarmed Combat
 - Level 1.7 Spellcasting
 - Level 0.7 Conjurations
 - Level 2.4 Fire Magic


You had 3 spell levels left.
You knew the following spells:

 Your Spells              Type           Power      Damage    Failure   Level
a - Foxfire               Conj/Fire      16%        2x1d4     100%        1

Your spell library contained the following spells:

 Spells                   Type           Power      Damage    Failure   Level
 Scorch                   Fire           10%        2d5       100%        2
 Conjure Flame            Conj/Fire      4%         6-21      100%        3
 Inner Flame              Hex/Fire       3%         N/A       100%        3
 Flame Wave               Conj/Fire      4%         2d5       100%        4

Inventory:

Armour
 g - a +0 chain mail (worn)
 h - a +0 pair of boots (worn)
Jewellery
 d - an amulet of regeneration (around neck)
 i - a ring of fire
Scrolls
 c - a scroll of noise {unknown}
 e - a scroll of identify
Potions
 a - a potion of attraction {unknown}
 b - a potion of ambrosia {unknown}
 f - a potion of lignification {unknown}
 j - a potion of might {unknown}
 k - a potion of curing {unknown}
 l - a potion of heal wounds {unknown}
 m - 2 potions of brilliance {unknown}

Dungeon Overview and Level Annotations

Branches:
Dungeon (2/15)

Altars:
Uskayaw


Message History

A rat comes into view.
You see here 3 stones.
You scratch the rat but do no damage. The rat bites you.
You scratch the rat.
You kill the rat!
You start resting.
HP restored.
Found a stone staircase leading down.
You now have 37 gold pieces (gained 8).
c - a scroll labelled EGATUVV ACWUT
l - a viscous purple potion A goblin comes into view.
It is wielding a +0 club.
The goblin shouts!
You barely miss the goblin. The goblin hits you but does no damage.
You scratch the goblin but do no damage.
The goblin hits you with a +0 club.
You scratch the goblin.
You kill the goblin!
You feel better.
Things that are here:
a +0 club; a goblin corpse
m - 2 fuming puce potions An ogre comes into view.
It is wielding a +0 giant club.
The ogre shouts!
An adder comes into view.
996 ||| Stepping ~*~*~tactically~*~*~ (stealth).
997 ||| Stepping ~*~*~tactically~*~*~ (stealth).
An ogre is nearby!
You scratch the ogre.
The ogre is lightly wounded.
You scratch the ogre.
The ogre is lightly wounded.
The ogre hits you with a +0 giant club!
You barely miss the ogre.
The ogre is lightly wounded.
The ogre hits you with a +0 giant club!!
Ouch! That really hurt!
You die...

#.#......##.#
..#......##.#
..###+#####.# ..
.)......[.#.####...S
.................O..
.....).......#####..
..........#....## #
###########.##..##.####.
#......O@.......
##########..#### ....
###.


You could see an ogre.

Vanquished Creatures
  A dart slug (D:1)
  2 ball pythons (D:1)
  2 endoplasms (D:1)
  3 hobgoblins (D:1)
  A frilled lizard (D:1)
  3 goblins
  3 kobolds (D:1)
  3 rats
18 creatures vanquished.

Notes
Turn   | Place    | Note
-------+----------+-------------------------------------------
     0 | D:1      | qw the Ghoul Fire Elementalist began the quest for the Orb.
     0 | D:1      | Reached XP level 1. HP: 14/14 MP: 2/2
     0 | D:1      | 0 ||| qw: Version: 0.1-a-90-g952f4b7
     0 | D:1      | 0 ||| qw: Game counter: 4165
     0 | D:1      | 0 ||| qw: Always use a shield: true
     0 | D:1      | 0 ||| qw: God list: Okawaru
     0 | D:1      | 0 ||| qw: Allow faded altars: false
     0 | D:1      | 0 ||| qw: Do Orc after D:15 true
     0 | D:1      | 0 ||| qw: Do second Lair branch before Depths: true
     0 | D:1      | 0 ||| qw: Lair rune preference: random
     0 | D:1      | 0 ||| qw: Plans: Normal
     0 | D:1      | 0 ||| PLANNING D:1-11
    14 | D:1      | Found a faded altar of an unknown god.
    15 | D:1      | Noticed a golden eye
    17 | D:1      | Noticed a shining eye
    18 | D:1      | Noticed a golden eye
    18 | D:1      | Noticed an eye of devastation
    73 | D:1      | Reached skill level 1 in Unarmed Combat
   139 | D:1      | Reached skill level 1 in Fighting
   139 | D:1      | Reached XP level 2. HP: 19/23 MP: 3/3
   420 | D:1      | 420 ||| Stepping ~*~*~tactically~*~*~ (stealth).
   439 | D:1      | 439 ||| Stepping ~*~*~tactically~*~*~ (stealth).
   440 | D:1      | 440 ||| Stepping ~*~*~tactically~*~*~ (stealth).
   442 | D:1      | 442 ||| Stepping ~*~*~tactically~*~*~ (stealth).
   842 | D:1      | 842 ||| UPGRADING to +0 chain mail.
   852 | D:1      | 852 ||| DROPPING +0 robe.
   853 | D:1      | 853 ||| UPGRADING to +0 pair of boots.
   858 | D:1      | 858 ||| UPGRADING to amulet of regeneration.
   863 | D:1      | 863 ||| READING 2 scrolls labelled QAINGI KOMES.
   864 | D:1      | 864 ||| READING scroll labelled CULOIN FAMIQ.
   865 | D:1      | 865 ||| DROPPING potion of magic.
   892 | D:2      | Found a hide-covered altar of Uskayaw.
   995 | D:2      | Noticed an ogre
   996 | D:2      | 996 ||| Stepping ~*~*~tactically~*~*~ (stealth).
   997 | D:2      | 997 ||| Stepping ~*~*~tactically~*~*~ (stealth).
  1007 | D:2      | Slain by an ogre

Levels and vault maps discovered:
D:1:      roderic_dead_forest, layout_rooms,
          hellmonk_ecumenical_altar_watching_god, minivault_26, st_stairs_10
D:2:      layout_basic, serial_shops, nicolae_shop_statue_plus, basic_altar,
          feat_on_display

Skill      XL: |  1  2 |
---------------+-------+-----
Unarmed Combat | 1 2 |  2.1
Fighting       | 1 |  1.2
Dodging        | |  1.7
Stealth        | |  2.1
Spellcasting   | |  1.7
Conjurations   | |  0.7
Fire Magic     | |  2.4

Action                   || total
-------------------------++-------
Melee: Unarmed           ||    51
       Punch             ||     1
  Use: Scroll            ||     2
Armor: Robe              ||     1
       Chain mail        ||     1
Dodge: Dodged            ||    25

Table legend:
 A = Non-vault XP
 B = Vault XP
 C = Vault XP percentage of total XP
 D = Non-vault monster count
 E = Vault monster count
 F = Vault count percentage of total count
                 A         B        C        D         E       F
            +---------+---------+-------+---------+---------+-------
      Total |      23 |       7 |  23.3 |      13 |       5 |  27.8
            +---------+---------+-------+---------+---------+-------
        D:1 |      20 |       7 |  25.9 |      11 |       5 |  31.2
        D:2 |       3 |       0 |   0.0 |       2 |       0 |   0.0
            +---------+---------+-------+---------+---------+-------
